Map: Ephemeron LE

Players

INnoVation

  • Race: Terran Terran
  • Spawn Location: 11:00

Maru - Winner!

  • Race: Terran Terran
  • Spawn Location: 5:00

Event: IEM Katowice 2020

VOD

Have the link to the VOD?

Description

Time

  • Played on: Feb. 28, 2020, 7:56 a.m.
  • Length: 7:00

All games in this series

Show
View Real Time Build Order
Export as new Build Order

INnoVation Terran 

Build Orders: Gas First Reaper Expand 

Get SALT Encoding   

  12  0:00  SCV  
  13  0:12  SCV  
  14  0:17  Supply Depot  
  14  0:24  SCV  
  14  0:27  Refinery  
  15  0:38  SCV  
  16  0:44  Barracks  
  16  0:50  SCV  
  17  1:02  SCV  
  18  1:14  SCV  
  19  1:31  Orbital Command, Reaper  
  20  1:45  Command Center  
  20  1:56  Factory  
  20  1:59  SCV  
  21  2:04  Barracks Reactor  
  21  2:12  SCV  
  22  2:16  Supply Depot  
  22  2:18  Refinery  
  22  2:24  SCV  
  23  2:36  SCV  
  23  2:41  Hellion  
  23  2:42  Marine x2  
  26  2:48  SCV, Starport  
  27  3:02  SCV  
  27  3:05  Marine x2, Factory Tech Lab  
  29  3:14  SCV  
  29  3:15  Orbital Command  
  30  3:20  Refinery  
  30  3:26  Marine x2  
  30  3:27  SCV  
  33  3:32  Raven  
  35  3:38  Factory Tech Lab  
  35  3:39  SCV  
  36  3:42  SCV  
  37  3:52  SCV  
  37  3:54  SCV  
  39  3:56  Cyclone  
  39  3:57  Supply Depot  
  39  4:02  Marine x2  
  43  4:05  SCV  
  43  4:06  SCV  
  46  4:16  Supply Depot  
  46  4:20  Raven, Marine  
  46  4:21  Marine, SCV x2  
  52  4:30  Supply Depot  
  52  4:34  Cyclone  
  52  4:37  SCV  
  54  4:38  SCV  
  54  4:40  Marine  
  54  4:43  Marine  
  53  4:52  SCV x2  
  52  4:58  Marine  
  46  5:00  Marine  
  46  5:06  Siege Tank  
  45  5:08  SCV x2  
  41  5:20  Marine x2  
  35  5:21  SCV x2  
  35  5:25  Raven  
  37  5:33  SCV x2  
  39  5:38  Marine x2  
  39  5:41  Siege Tank  
  40  5:46  SCV x2  
  39  5:56  Marine x2  
  41  5:58  SCV x2  
  41  6:00  Barracks  
  43  6:06  Barracks  
  43  6:10  SCV x2  
  46  6:13  Siege Tank  
  45  6:22  SCV  
  45  6:23  SCV  
  44  6:31  Engineering Bay  
  42  6:33  Marine  
  42  6:35  SCV x2  
  45  6:47  SCV x2  
Show
View Real Time Build Order
Export as new Build Order

Maru Terran - Winner!

Build Orders:  

Get SALT Encoding   

  12  0:00  SCV  
  13  0:13  SCV  
  14  0:17  Supply Depot  
  14  0:25  SCV  
  15  0:29  Refinery  
  15  0:39  SCV  
  16  0:44  Barracks  
  16  0:51  SCV  
  16  0:54  Refinery  
  17  1:03  SCV  
  18  1:15  SCV  
  19  1:31  Reaper, Orbital Command  
  20  1:36  Factory  
  20  1:44  Supply Depot  
  20  1:57  SCV  
  21  2:03  Reaper  
  22  2:09  SCV  
  23  2:20  Hellion  
  23  2:22  SCV  
  26  2:34  SCV  
  26  2:36  Command Center  
  26  2:44  Barracks Reactor  
  26  2:45  Factory Tech Lab  
  26  2:46  SCV  
  26  2:49  Starport  
  27  2:58  SCV  
  28  3:03  Supply Depot  
  28  3:09  Cyclone  
  31  3:25  Marine x2, SCV, Medivac  
  36  3:44  Refinery  
  36  3:46  Marine x2, SCV  
  36  3:47  Cyclone  
  42  3:48  Orbital Command  
  42  3:58  Starport Tech Lab  
  42  4:01  SCV  
  43  4:04  Marine x2  
  45  4:11  Supply Depot  
  45  4:13  SCV  
  45  4:14  SCV  
  47  4:17  Raven  
  47  4:22  Marine x2  
  51  4:27  SCV  
  53  4:31  SCV  
  51  4:39  SCV  
  51  4:42  Siege Tank  
  51  4:43  SCV  
  56  4:46  Marine  
  56  4:51  SCV  
  57  4:55  SCV  
  57  5:03  Raven, SCV  
  58  5:07  SCV  
  58  5:10  Command Center  
  58  5:13  Marine x2  
  60  5:16  SCV  
  60  5:19  SCV, Siege Tank  
  61  5:28  SCV  
  58  5:31  SCV  
  58  5:33  Barracks x2  
  59  5:39  Marine x2  
  59  5:40  SCV  
  60  5:44  SCV  
  61  5:52  SCV  
  61  5:56  Supply Depot  
  62  6:00  Raven, Engineering Bay  
  62  6:01  Marine x2, Engineering Bay  
  62  6:03  Siege Tank  
  69  6:12  SCV  
  69  6:15  Refinery  
  69  6:17  SCV  
  71  6:23  Marine x2  
  73  6:29  SCV  
  73  6:30  SCV, Orbital Command  
  75  6:40  Barracks Tech Lab  
  75  6:45  SCV x2  
  77  6:48  Supply Depot  
  77  6:50  Barracks Reactor  

Tags
 
Add a new tag
Caveats
  • Supply blocks, unpowered buildings, or Contaminate may cause inaccurate times.
  • Supply counts are checked every 10 seconds.